| TOP OF THE 1ST |
|
Seattle Mariners batting - Pitching for San Diego Padres : LHP Gerardo Amendoeira
|
|
Pitching: LHP Gerardo Amendoeira
|
|
|
Batting: RHB Jimmy Hammertime
|
0-0: Foul Ball, location: 2F 0-1: Ball 1-1: Swinging Strike 1-2: Strikes out looking
|
|
Batting: SHB Floyd-William Goof
|
0-0: Ball 1-0: Called Strike 1-1: Foul Ball, location: 2F 1-2: Foul Ball, location: 2F 1-2: Strikes out swinging
|
|
Batting: RHB Jose Vasquez
|
0-0: Ball 1-0: Ball 2-0: Ball 3-0: Swinging Strike 3-1: Foul Ball, location: 2F 3-2: Strikes out swinging
|
| Top of the 1st over - 0 runs, 0 hits, 0 errors, 0 left on base; Seattle 0 - San Diego 0 |
| BOTTOM OF THE 1ST |
|
San Diego Padres batting - Pitching for Seattle Mariners : LHP Aidan Smith
|
|
Pitching: LHP Aidan Smith
|
|
|
Batting: RHB Hildo Pot
|
0-0: Called Strike 0-1: Swinging Strike 0-2: Ball 1-2: Foul Ball, location: 2F 1-2: Strikes out swinging
|
|
Batting: SHB Phil Zacharia
|
0-0: Called Strike 0-1: Ball 1-1: Ball 2-1: SINGLE (Line Drive, 89M, EV 94.4 MPH)
|
|
Batting: RHB Manny Vergara
|
0-0: Ball 1-0: Foul Ball, location: 2F 1-1: Called Strike 1-2: Ball 2-2: Fly out, F6 (Line Drive, 56D, EV 83.8 MPH)
|
|
Batting: RHB Luis Torres
|
0-0: SINGLE (Groundball, 56D, EV 107.5 MPH) Phil Zacharia to second
|
|
Batting: RHB C.J. Beavers
|
0-0: Swinging Strike 0-1: Ball 1-1: Ball 2-1: Foul Ball, location: 2F 2-2: Strikes out swinging
|
| Bottom of the 1st over - 0 runs, 2 hits, 0 errors, 2 left on base; Seattle 0 - San Diego 0 |
| TOP OF THE 2ND |
|
Seattle Mariners batting - Pitching for San Diego Padres : LHP Gerardo Amendoeira
|
|
Batting: RHB Steve Jordan
|
0-0: Called Strike 0-1: Ball 1-1: Ball 2-1: SINGLE (Groundball, 6MD, EV 97.5 MPH)
|
|
Batting: RHB Harutomi Matsubara
|
0-0: Called Strike 0-1: Called Strike 0-2: Ball 1-2: Strikes out swinging
|
|
Batting: LHB Dae-ik Yoon
|
0-0: Called Strike 0-1: Called Strike 0-2: Ball 1-2: Foul Ball, location: 2F 1-2: SINGLE (Groundball, 3S, EV 69.4 MPH) (infield hit) Steve Jordan to second
|
|
Batting: LHB Jerrod Cluck
|
0-0: Ball 1-0: Foul Ball, location: 2F 1-1: Swinging Strike 1-2: Strikes out looking
|
|
Batting: RHB Pavpv Ivanushkin
|
0-0: Ball 1-0: Ball 2-0: SINGLE (Groundball, 6MD, EV 97.5 MPH) Steve Jordan to third Dae-ik Yoon to second Runner from 3rd tries for Home, SAFE, throw by CF to home
|
|
Batting: RHB Tony Vargas
|
0-0: Ball 1-0: Swinging Strike 1-1: Called Strike 1-2: Strikes out looking
|
| Top of the 2nd over - 1 run, 3 hits, 0 errors, 2 left on base; Seattle 1 - San Diego 0 |
| BOTTOM OF THE 2ND |
|
San Diego Padres batting - Pitching for Seattle Mariners : LHP Aidan Smith
|
|
Batting: RHB Kaeo Zirpoli
|
0-0: Ball 1-0: Ball 2-0: Ball 3-0: Called Strike 3-1: Base on Balls
|
|
Batting: RHB Eisse Bravenboer
|
0-0: Called Strike 0-1: Swinging Strike 0-2: Fly out, F8 (Flyball, 89M, EV 78.1 MPH)
|
|
Batting: RHB Masashi Yukizawa
|
0-0: Foul Ball, location: 2F 0-1: Ball 1-1: Ball 2-1: Fly out, F3 (Popup, 3F, EV 61.9 MPH)
|
|
Batting: LHB Mike Holt
|
0-0: Ball 1-0: Foul Ball, location: 2F 1-1: SINGLE (Groundball, 56D, EV 100.0 MPH) Kaeo Zirpoli to second
|
|
Batting: RHB Hildo Pot
|
0-0: Called Strike 0-1: Ball 1-1: SINGLE (Line Drive, 56D, EV 103.8 MPH) Kaeo Zirpoli to third Mike Holt to second Runner from 3rd tries for Home, SAFE, throw by LF to home
|
|
Batting: SHB Phil Zacharia
|
0-0: Ball 1-0: Called Strike 1-1: Foul Ball, location: 2F 1-2: SINGLE (Line Drive, 5D, EV 96.2 MPH) Mike Holt to third Hildo Pot to second Runner from 3rd tries for Home, throw by LF and OUT! 7-2
|
| Bottom of the 2nd over - 1 run, 3 hits, 0 errors, 2 left on base; Seattle 1 - San Diego 1 |
| TOP OF THE 3RD |
|
Seattle Mariners batting - Pitching for San Diego Padres : LHP Gerardo Amendoeira
|
|
Batting: RHB Jimmy Hammertime
|
0-0: Fly out, F9 (Flyball, 89D, EV 106.2 MPH)
|
|
Batting: SHB Floyd-William Goof
|
0-0: Called Strike 0-1: Swinging Strike 0-2: Fly out, F7 (Flyball, 7LMF, EV 81.9 MPH)
|
|
Batting: RHB Jose Vasquez
|
0-0: Ground out 6-3 (Groundball, 6, EV 97.5 MPH)
|
| Top of the 3rd over - 0 runs, 0 hits, 0 errors, 0 left on base; Seattle 1 - San Diego 1 |
| BOTTOM OF THE 3RD |
|
San Diego Padres batting - Pitching for Seattle Mariners : LHP Aidan Smith
|
|
Batting: RHB Manny Vergara
|
0-0: Ball 1-0: Called Strike 1-1: Ball 2-1: Ball 3-1: Base on Balls
|
|
Batting: RHB Luis Torres
|
0-0: Called Strike 0-1: Foul Ball, location: 2F 0-2: Ball 1-2: Foul Ball, location: 2F 1-2: Foul Ball, location: 2F 1-2: Ball 2-2: Fly out, F8 (Flyball, 78D, EV 65.6 MPH)
|
|
Batting: RHB C.J. Beavers
|
0-0: Called Strike 0-1: Grounds into double play, 5-4-3 (Groundball, 5L, EV 97.5 MPH)
|
| Bottom of the 3rd over - 0 runs, 0 hits, 0 errors, 0 left on base; Seattle 1 - San Diego 1 |
| TOP OF THE 4TH |
|
Seattle Mariners batting - Pitching for San Diego Padres : LHP Gerardo Amendoeira
|
|
Batting: RHB Steve Jordan
|
0-0: Ball 1-0: Ball 2-0: Ground out 5-3 (Groundball, 5L, EV 80.6 MPH)
|
|
Batting: RHB Harutomi Matsubara
|
0-0: Ball 1-0: Ground out U3 (Groundball, 3, EV 90.0 MPH)
|
|
Batting: LHB Dae-ik Yoon
|
0-0: Ball 1-0: Ball 2-0: Foul Ball, location: 2F 2-1: Ball 3-1: Foul Ball, location: 2F 3-2: Foul Ball, location: 2F 3-2: Foul Ball, location: 2F 3-2: Strikes out swinging
|
| Top of the 4th over - 0 runs, 0 hits, 0 errors, 0 left on base; Seattle 1 - San Diego 1 |
| BOTTOM OF THE 4TH |
|
San Diego Padres batting - Pitching for Seattle Mariners : LHP Aidan Smith
|
|
Batting: RHB Kaeo Zirpoli
|
0-0: Called Strike 0-1: Swinging Strike 0-2: Fly out, F9 (Flyball, 89M, EV 84.4 MPH)
|
|
Batting: RHB Eisse Bravenboer
|
0-0: Ball 1-0: Called Strike 1-1: Ball 2-1: Called Strike 2-2: Foul Ball, location: 2F 2-2: Ball 3-2: Strikes out swinging
|
|
Batting: RHB Masashi Yukizawa
|
0-0: SINGLE (Line Drive, 3D, EV 95.0 MPH)
|
|
Batting: LHB Mike Holt
|
0-0: Ball 1-0: Called Strike 1-1: Called Strike 1-2: Ball 2-2: Ball 3-2: Foul Ball, location: 2F 3-2: Foul Ball, location: 2F 3-2: Strikes out looking
|
| Bottom of the 4th over - 0 runs, 1 hit, 0 errors, 1 left on base; Seattle 1 - San Diego 1 |
| TOP OF THE 5TH |
|
Seattle Mariners batting - Pitching for San Diego Padres : LHP Gerardo Amendoeira
|
|
Batting: LHB Jerrod Cluck
|
0-0: Ball 1-0: SINGLE (Groundball, 6MD, EV 98.1 MPH)
|
|
Batting: RHB Pavpv Ivanushkin
|
0-0: Called Strike 0-1: Called Strike 0-2: Ball 1-2: Ball Wild Pitch! Jerrod Cluck to second 2-2: Ball 3-2: Base on Balls
|
|
Batting: RHB Tony Vargas
|
0-0: Ball 1-0: Ball 2-0: Called Strike 2-1: Foul Ball, location: 2F 2-2: DOUBLE (Line Drive, 78D, EV 112.5 MPH) Jerrod Cluck scores Pavpv Ivanushkin to third
|
|
Batting: RHB Jimmy Hammertime
|
0-0: Called Strike 0-1: Ball 1-1: Swinging Strike 1-2: Strikes out looking
|
|
Batting: SHB Floyd-William Goof
|
0-0: Ball 1-0: Ball 2-0: Ball 3-0: Called Strike 3-1: Base on Balls
|
|
Batting: RHB Jose Vasquez
|
0-0: Ball 1-0: Ball 2-0: Foul Ball, location: 2F 2-1: Grounds into double play, 6-4-3 (Groundball, 6, EV 81.9 MPH)
|
| Top of the 5th over - 1 run, 2 hits, 0 errors, 2 left on base; Seattle 2 - San Diego 1 |
| BOTTOM OF THE 5TH |
|
San Diego Padres batting - Pitching for Seattle Mariners : LHP Aidan Smith
|
|
Batting: RHB Hildo Pot
|
0-0: Called Strike 0-1: Called Strike 0-2: Ground out 5-3 (Groundball, 56, EV 83.1 MPH)
|
|
Batting: SHB Phil Zacharia
|
0-0: Called Strike 0-1: Ball 1-1: Fly out, F9 (Flyball, 89S, EV 88.1 MPH)
|
|
Batting: RHB Manny Vergara
|
0-0: Ball 1-0: Called Strike 1-1: Ball 2-1: SINGLE (Groundball, 56D, EV 101.2 MPH)
|
|
Batting: RHB Luis Torres
|
0-0: Swinging Strike 0-1: Ball 1-1: Foul Ball, location: 2F 1-2: Fly out, F8 (Line Drive, 8RM, EV 94.4 MPH)
|
| Bottom of the 5th over - 0 runs, 1 hit, 0 errors, 1 left on base; Seattle 2 - San Diego 1 |
| TOP OF THE 6TH |
|
Seattle Mariners batting - Pitching for San Diego Padres : LHP Gerardo Amendoeira
|
|
Batting: RHB Steve Jordan
|
0-0: Ball 1-0: Ball 2-0: Swinging Strike 2-1: Called Strike 2-2: Foul Ball, location: 2F 2-2: Strikes out swinging
|
|
Batting: RHB Harutomi Matsubara
|
0-0: Foul Ball, location: 2F 0-1: SINGLE (Groundball, 56D, EV 105.6 MPH) (infield hit)
|
|
Batting: LHB Dae-ik Yoon
|
0-0: Called Strike 0-1: Ball 1-1: Ball 2-1: Foul Ball, location: 2F 2-2: Ball 3-2: Base on Balls Harutomi Matsubara to second
|
|
Batting: LHB Jerrod Cluck
|
0-0: Ground out 6-3 (Groundball, 56, EV 101.9 MPH) Harutomi Matsubara to third Dae-ik Yoon to second
|
|
Batting: RHB Pavpv Ivanushkin
|
0-0: Ball 1-0: Foul Ball, location: 2F 1-1: Fly out, F9 (Flyball, 89S, EV 82.5 MPH)
|
| Top of the 6th over - 0 runs, 1 hit, 0 errors, 2 left on base; Seattle 2 - San Diego 1 |
| BOTTOM OF THE 6TH |
|
San Diego Padres batting - Pitching for Seattle Mariners : LHP Aidan Smith
|
|
Batting: RHB C.J. Beavers
|
0-0: Ball 1-0: Ball 2-0: SINGLE (Groundball, 6MD, EV 96.2 MPH)
|
|
Batting: RHB Kaeo Zirpoli
|
0-0: Ball 1-0: Ball 2-0: Called Strike 2-1: Called Strike 2-2: Foul Ball, location: 2F 2-2: DOUBLE (Line Drive, 9LS, EV 103.8 MPH) C.J. Beavers to third
|
|
Pitching: LHP Lance Crumpton
|
|
|
Batting: RHB Eisse Bravenboer
|
0-0: Foul Ball, location: 2F 0-1: Ball 1-1: Foul Ball, location: 2F 1-2: Ground out 3-1 (Groundball, 34, EV 78.1 MPH) C.J. Beavers scores Kaeo Zirpoli to third
|
|
Batting: RHB Masashi Yukizawa
|
0-0: Called Strike 0-1: Foul Ball, location: 2F 0-2: Ball 1-2: SINGLE (Line Drive, 6M, EV 95.0 MPH) Kaeo Zirpoli scores
|
|
Batting: LHB Mike Holt
|
0-0: Ball 1-0: Ball 2-0: SINGLE (Flyball, 8LS, EV 85.0 MPH) Masashi Yukizawa to second Runner from 2nd tries for 3rd, SAFE, throw by CF made to third
|
|
Batting: RHB Hildo Pot
|
0-0: Called Strike 0-1: Ball 1-1: Fielders Choice at 2nd, 6-4 (Groundball, 56, EV 107.5 MPH) Masashi Yukizawa scores
|
|
Batting: SHB Phil Zacharia
|
0-0: Called Strike 0-1: Ball 1-1: Swinging Strike 1-2: Ball 2-2: Foul Ball, location: 2F 2-2: Ball 3-2: Strikes out swinging
|
| Bottom of the 6th over - 3 runs, 4 hits, 0 errors, 1 left on base; Seattle 2 - San Diego 4 |
| TOP OF THE 7TH |
|
Seattle Mariners batting - Pitching for San Diego Padres : LHP Gerardo Amendoeira
|
|
Pitching: RHP Marshall Barron
|
|
|
Batting: RHB Tony Vargas
|
0-0: Called Strike 0-1: Ball 1-1: Foul Ball, location: 2F 1-2: Strikes out looking
|
|
Batting: RHB Jimmy Hammertime
|
0-0: Called Strike 0-1: Called Strike 0-2: Ball 1-2: Ball 2-2: Strikes out swinging
|
|
Batting: SHB Floyd-William Goof
|
0-0: Ball 1-0: Swinging Strike 1-1: Swinging Strike 1-2: Ball 2-2: Strikes out swinging
|
| Top of the 7th over - 0 runs, 0 hits, 0 errors, 0 left on base; Seattle 2 - San Diego 4 |
| BOTTOM OF THE 7TH |
|
San Diego Padres batting - Pitching for Seattle Mariners : LHP Lance Crumpton
|
|
Pitching: RHP Omar Colunga
|
|
|
Batting: RHB Manny Vergara
|
0-0: Ball 1-0: Swinging Strike 1-1: Foul Ball, location: 2F 1-2: Foul Ball, location: 2F 1-2: Ball 2-2: Ball 3-2: Strikes out looking
|
|
Batting: RHB Luis Torres
|
0-0: Swinging Strike 0-1: Ball 1-1: Ball 2-1: Ground out 5-3 (Groundball, 56S, EV 73.8 MPH)
|
|
Batting: RHB C.J. Beavers
|
0-0: Ball 1-0: DOUBLE (Line Drive, 7LM, EV 107.5 MPH)
|
|
Batting: RHB Kaeo Zirpoli
|
0-0: Ball 1-0: Ball 2-0: Fly out, F8 (Line Drive, 8LM, EV 91.2 MPH)
|
| Bottom of the 7th over - 0 runs, 1 hit, 0 errors, 1 left on base; Seattle 2 - San Diego 4 |
| TOP OF THE 8TH |
|
Seattle Mariners batting - Pitching for San Diego Padres : RHP Marshall Barron
|
|
Batting: RHB Jose Vasquez
|
0-0: Foul Ball, location: 2F 0-1: Ball 1-1: Ground out 6-3 (Groundball, 6S, EV 84.4 MPH)
|
|
Batting: RHB Steve Jordan
|
0-0: Ball 1-0: Ball 2-0: Ball 3-0: Called Strike 3-1: Called Strike 3-2: Foul Ball, location: 2F 3-2: Strikes out swinging
|
|
Batting: RHB Harutomi Matsubara
|
0-0: Ball 1-0: Ball 2-0: Foul Ball, location: 2F 2-1: Ball 3-1: Base on Balls
|
|
Batting: LHB Dae-ik Yoon
|
0-0: Ball 1-0: Foul Ball, location: 2F 1-1: SINGLE (Groundball, 4MD, EV 96.9 MPH) Harutomi Matsubara to second Runner from 2nd tries for 3rd, SAFE, throw by CF made to third
|
|
Batting: LHB Jerrod Cluck
|
0-0: Called Strike 0-1: Foul Ball, location: 2F 0-2: Strikes out swinging
|
| Top of the 8th over - 0 runs, 1 hit, 0 errors, 2 left on base; Seattle 2 - San Diego 4 |
| BOTTOM OF THE 8TH |
|
San Diego Padres batting - Pitching for Seattle Mariners : RHP Omar Colunga
|
|
Pitching: RHP Willie Sanchez
|
|
|
Batting: RHB Eisse Bravenboer
|
0-0: Ball 1-0: Called Strike 1-1: SINGLE (Groundball, 56S, EV 70.6 MPH) (infield hit)
|
|
Pitching: RHP William de Jesus
|
|
|
Batting: RHB Masashi Yukizawa
|
0-0: Sac Bunt to 25 - play at first, batter OUT! 5-3 Eisse Bravenboer to second
|
|
Batting: LHB Mike Holt
|
0-0: Ball 1-0: Ball 2-0: Called Strike 2-1: Ball 3-1: Base on Balls
|
|
Batting: RHB Hildo Pot
|
0-0: Called Strike 0-1: Called Strike 0-2: Strikes out swinging
|
|
Batting: SHB Phil Zacharia
|
0-0: Ball 1-0: SINGLE (Line Drive, 8LS, EV 85.6 MPH) Eisse Bravenboer to third Mike Holt to second Runner from 3rd tries for Home, SAFE, throw by CF to home
|
|
Batting: RHB Manny Vergara
|
0-0: Ball 1-0: Reached on error, E4 (Groundball, 6MD, EV 101.9 MPH) Mike Holt to third Phil Zacharia to second
|
|
Batting: RHB Luis Torres
|
0-0: Ball 1-0: Called Strike 1-1: Called Strike 1-2: Ball 2-2: Strikes out looking
|
| Bottom of the 8th over - 1 run, 2 hits, 1 error, 3 left on base; Seattle 2 - San Diego 5 |
| TOP OF THE 9TH |
|
Seattle Mariners batting - Pitching for San Diego Padres : RHP Marshall Barron
|
|
Pitching: LHP Jim Turan
|
|
|
Batting: RHB Pavpv Ivanushkin
|
0-0: Called Strike 0-1: Foul Ball, location: 2F 0-2: Strikes out swinging
|
|
Batting: RHB Tony Vargas
|
0-0: Ball 1-0: Ball 2-0: Ball 3-0: Base on Balls
|
|
Batting: RHB Jimmy Hammertime
|
0-0: Ball 1-0: Swinging Strike 1-1: Called Strike 1-2: Strikes out swinging
|
|
Batting: SHB Floyd-William Goof
|
0-0: Ball 1-0: Foul Ball, location: 2F 1-1: Ball 2-1: Ball 3-1: Base on Balls Tony Vargas to second
|
|
Batting: RHB Jose Vasquez
|
0-0: Fly out, F5 (Popup, 6S, EV 79.4 MPH)
|
| Top of the 9th over - 0 runs, 0 hits, 0 errors, 2 left on base; Seattle 2 - San Diego 5 |
|